Map: King's Cove LE

Players

Smeeeger - Winner!

  • Race: Zerg Zerg
  • League: Platinum
  • Spawn Location: 11:00

Eldrak

  • Race: Protoss Protoss
  • League: Platinum
  • Spawn Location: 5:00

VOD

Have the link to the VOD?

Description

Time

  • Played on: July 18, 2019, 10:14 a.m.
  • Length: 15:37
Show
View Real Time Build Order
Export as new Build Order

Smeeeger Zerg - Winner!

Build Orders: Hatch First, Lurkers 

Get SALT Encoding   

  12  0:04  Drone  
  13  0:18  Overlord  
  13  0:19  Drone  
  14  0:39  Drone  
  14  0:40  Drone  
  14  0:41  Drone  
  17  0:56  Drone  
  18  1:09  Drone  
  18  1:10  Hatchery, Extractor  
  17  1:23  Spawning Pool  
  17  1:24  Drone x2  
  18  1:52  Hatchery  
  17  1:58  Drone x2  
  19  2:01  Overlord  
  19  2:09  Queen  
  21  2:22  Queen  
  23  2:34  Drone  
  23  2:35  Drone x4  
  28  2:46  Zergling x4  
  30  2:52  Lair  
  30  2:59  Drone x2  
  30  3:04  Queen  
  34  3:10  Drone x2  
  34  3:12  Zergling x2  
  37  3:19  Queen  
  39  3:24  Metabolic Boost  
  39  3:29  Drone x2  
  41  3:40  Drone  
  42  3:55  Roach Warren  
  42  4:08  Hydralisk Den  
  42  4:09  Drone  
  42  4:11  Overlord x2  
  42  4:12  Overlord  
  42  4:14  Extractor  
  42  4:16  Extractor  
  40  4:17  Drone x3, Extractor  
  40  4:19  Drone, Extractor  
  42  4:26  Spore Crawler  
  42  4:28  Spore Crawler x2  
  42  4:29  Drone x2  
  42  4:30  Drone x5  
  46  4:32  Drone x2  
  46  4:33  Drone  
  49  4:39  Drone x3  
  52  4:56  Drone x2  
  52  4:57  Drone x4  
  52  4:58  Spine Crawler  
  57  5:06  Grooved Spines  
  57  5:11  Drone, Overlord x2  
  57  5:12  Hydralisk  
  60  5:17  Drone x3  
  60  5:18  Drone x3  
  60  5:19  Overlord  
  65  5:35  Evolution Chamber  
  64  5:36  Evolution Chamber  
  64  5:37  Drone x2, Extractor  
  64  5:41  Pneumatized Carapace  
  64  5:44  Drone x4, Burrow  
  64  5:46  Overlord x2  
  64  5:47  Drone  
  69  6:00  Hatchery  
  68  6:05  Hydralisk  
  68  6:06  Hydralisk x2  
  68  6:08  Overlord  
  74  6:12  Zerg Missile Weapons Level 1  
  74  6:15  Hydralisk  
  74  6:18  Hydralisk, Muscular Augments  
  78  6:32  Zerg Ground Armor Level 1  
  78  6:36  Hydralisk  
  78  6:37  Hydralisk  
  82  6:42  Overlord x2, Zergling x8  
  86  6:59  Spire  
  86  7:00  Drone x3  
  89  7:01  Drone x3  
  89  7:05  Drone x3  
  94  7:13  Drone  
  94  7:14  Drone x2, Overlord x3  
  94  7:15  Overlord  
  97  7:16  Hydralisk x2  
  97  7:18  Hydralisk  
  103  7:30  Drone  
  103  7:31  Spore Crawler  
  103  7:33  Drone x3  
  103  7:34  Overseer x2  
  103  7:36  Drone x3  
  103  7:37  Drone x3  
  112  8:07  Baneling Nest  
  112  8:10  Corruptor x8  
  127  8:17  Hydralisk, Drone  
  127  8:18  Hydralisk x3  
  136  8:30  Drone x2  
  136  8:32  Spore Crawler, Extractor  
  136  8:33  Extractor  
  135  8:35  Drone x4  
  135  8:36  Drone x2  
  135  8:39  Zerg Missile Weapons Level 2  
  135  8:40  Zerg Ground Armor Level 2  
  141  8:50  Centrifical Hooks  
  141  8:53  Baneling x2  
  141  8:54  Baneling  
  141  8:56  Baneling  
  141  8:58  Baneling, Zergling x2  
  141  8:59  Overlord x5, Zergling x4  
  144  9:18  Hydralisk, Zergling x18  
  144  9:19  Hydralisk x7  
  154  9:39  Hydralisk x10  
  174  9:55  Infestation Pit  
  174  9:56  Zergling x16  
  174  9:58  Hatchery  
  180  10:12  Baneling x4  
  180  10:13  Baneling x2  
  180  10:14  Baneling  
  174  10:22  Lurker Den  
  149  10:31  Zergling x2  
  149  10:32  Zergling x24  
  111  11:00  Hive  
  111  11:02  Pathogen Glands  
  111  11:03  Hydralisk x8  
  111  11:04  Hydralisk  
  117  11:08  Baneling x5  
  117  11:09  Baneling x2  
  129  11:22  Nydus Network  
  129  11:23  Queen  
  130  11:27  Drone x3  
  130  11:28  Zergling x22  
  130  11:31  Hydralisk  
  130  11:32  Hydralisk x2  
  150  11:39  Extractor  
  149  11:43  Extractor  
  149  11:44  Hatchery  
  149  11:45  Hatchery  
  146  11:49  Overseer, Drone  
  146  11:50  Drone  
  146  11:53  Drone  
  146  11:54  Drone x4  
  151  11:55  Drone  
  151  11:57  Hydralisk x5  
  151  11:59  Baneling x12, Queen  
  151  12:00  Corruptor  
  168  12:02  Corruptor x2  
  172  12:10  Lurker x6  
  172  12:11  Lurker  
  179  12:26  Zerg Missile Weapons Level 3  
  179  12:33  Spore Crawler  
  179  12:35  Spore Crawler  
  179  12:36  Drone x3, Spine Crawler  
  179  12:37  Drone x3  
  181  12:38  Spine Crawler  
  181  12:40  Spine Crawler  
  181  12:41  Spine Crawler  
  179  12:47  Spine Crawler  
  178  12:51  Spine Crawler  
  178  12:52  Drone x3  
  178  12:53  Spine Crawler  
  153  13:27  Zergling x14  
  153  13:28  Zergling x48  
  174  13:44  Drone  
  174  13:45  Drone x4  
  179  13:48  Adaptive Talons  
  179  13:50  Adrenal Glands, Spine Crawler  
  179  13:52  Greater Spire, Spine Crawler  
  177  13:56  Spine Crawler  
  177  14:02  Hydralisk x4  
  176  14:03  Hydralisk x8  
  190  14:13  Hydralisk x5  
  190  14:14  Hydralisk  
  197  14:18  Hydralisk  
  190  15:03  Brood Lord x5  
Show
View Real Time Build Order
Export as new Build Order

Eldrak Protoss 

Build Orders: 1 Gate Expand, Colossus Rush 

Get SALT Encoding   

  1  0:00  Probe  
  13  0:07  Probe  
  14  0:20  Pylon  
  14  0:27  Probe  
  15  0:39  Probe  
  16  0:46  Gateway  
  16  0:54  Probe  
  17  1:01  Assimilator  
  17  1:21  Nexus  
  17  1:35  Cybernetics Core  
  17  1:38  Zealot  
  19  1:48  Probe, Pylon  
  20  1:56  Probe  
  21  2:04  Probe  
  21  2:06  Pylon  
  22  2:15  Warp Gate  
  23  2:22  Gateway, Probe  
  23  2:33  Probe  
  23  2:34  Probe  
  25  2:42  Probe x2  
  25  2:43  Assimilator  
  25  2:50  Probe x2  
  29  3:03  Sentry  
  31  3:08  Probe  
  31  3:09  Probe  
  31  3:11  Stalker  
  35  3:21  Probe x2  
  37  3:28  Assimilator  
  37  3:29  Robotics Facility  
  37  3:31  Assimilator  
  37  3:39  Probe x2  
  39  3:47  Probe x2  
  39  3:55  Probe x2  
  43  4:05  Stalker x2  
  43  4:06  Probe x2  
  49  4:11  Pylon  
  49  4:19  Observer, Probe  
  49  4:22  Probe  
  52  4:27  Probe  
  52  4:30  Pylon  
  52  4:34  Probe  
  52  4:36  Probe  
  54  4:41  Robotics Bay  
  55  4:46  Forge  
  55  4:50  Stalker, Twilight Council  
  55  4:51  Stalker  
  59  5:17  Extended Thermal Lance  
  59  5:20  Nexus  
  59  5:23  Pylon  
  59  5:29  Pylon  
  59  5:30  Colossus  
  59  5:31  Probe  
  66  5:42  Stalker x2  
  68  5:43  Probe  
  68  5:44  Probe  
  72  5:56  Probe x2  
  74  6:02  Protoss Ground Weapons Level 1, Blink  
  74  6:08  Probe x2  
  74  6:09  Pylon  
  76  6:12  Gateway  
  76  6:16  Gateway  
  76  6:20  Probe x2  
  78  6:26  Observer  
  78  6:32  Probe x2  
  81  6:43  Colossus  
  81  6:47  Pylon  
  81  6:52  Pylon  
  87  6:59  Probe x3  
  90  7:03  Assimilator  
  90  7:06  Assimilator  
  90  7:08  Photon Cannon  
  90  7:12  Photon Cannon  
  90  7:13  Shield Battery  
  90  7:17  Shield Battery  
  90  7:23  Stalker  
  90  7:24  Stalker  
  90  7:26  Shield Battery  
  90  7:27  Shield Battery  
  90  7:29  Photon Cannon, Pylon  
  94  7:33  Pylon  
  94  7:40  Colossus  
  94  7:46  Stalker x3  
  106  7:56  Probe  
  106  7:57  Templar Archives  
  106  7:59  Probe  
  106  8:00  Probe  
  106  8:04  Probe  
  109  8:11  Probe  
  109  8:12  Forge  
  111  8:16  Pylon  
  111  8:19  Photon Cannon, Protoss Shields Level 1  
  111  8:21  Shield Battery  
  111  8:24  Stalker  
  113  8:34  Colossus  
  113  8:39  Psionic Storm  
  119  8:43  High Templar x2  
  119  8:45  High Templar  
  125  8:55  Nexus  
  125  8:58  Pylon  
  125  9:01  Pylon  
  125  9:04  Stalker  
  127  9:33  Archon  
  127  9:34  Colossus  
  127  9:35  Gateway  
  127  9:38  Gateway  
  127  9:39  High Templar  
  127  9:40  High Templar  
  127  9:41  High Templar  
  127  9:42  Gateway  
  127  9:43  Stalker  
  127  9:44  Gateway  
  141  9:47  Archon  
  141  9:48  Archon  
  141  9:59  Protoss Ground Weapons Level 2  
  141  10:02  Gateway  
  141  10:04  Gateway  
  141  10:07  Gateway  
  141  10:14  Gateway  
  141  10:22  Colossus  
  121  10:30  Stalker x4  
  90  10:48  Stalker x4  
  88  11:07  Colossus  
  88  11:16  High Templar  
  88  11:17  High Templar x5  
  106  11:21  Protoss Shields Level 2, Archon x2  
  106  11:22  Archon  
  106  11:24  Nexus  
  106  11:25  Zealot x5  
  114  11:26  Probe, Assimilator  
  114  11:27  Probe x2  
  114  11:30  Assimilator  
  114  11:32  Pylon  
  119  11:34  Probe  
  119  11:35  Probe x2, Pylon  
  122  11:43  Probe x3  
  123  11:47  High Templar x3  
  123  11:50  High Templar  
  133  11:55  Probe x2  
  133  11:56  Probe  
  133  11:59  Archon  
  136  12:02  Archon  
  136  12:07  Observer, Probe  
  136  12:08  Probe x2  
  140  12:10  Zealot x4  
  140  12:11  Zealot x4  
  156  12:37  Pylon  
  156  12:43  Pylon  
  156  12:48  Pylon  
  156  12:53  Pylon  
  156  13:00  High Templar  
  156  13:01  High Templar x3  
  156  13:03  Zealot x2, Pylon  
  156  13:04  Zealot x4, Stargate, Nexus  
  156  13:05  Zealot x2, Pylon  
  180  13:06  Stargate  
  180  13:07  Archon x2  
  180  13:08  Stargate  
  180  13:09  Pylon  
  180  13:13  Assimilator  
  180  13:18  Assimilator  
  133  13:33  Stalker x6  
  133  13:34  Stalker x2  
  115  13:36  High Templar x2  
  115  13:37  Observer  
  121  13:48  Archon  
  121  13:50  High Templar  
  121  13:52  High Templar  
  125  13:59  Observer  
  106  14:14  Archon  
  106  14:16  High Templar x2  
  106  14:20  High Templar  
  108  14:25  Archon  
  108  14:26  Zealot x4  
  108  14:27  Zealot x5  
  127  14:45  Observer  
  127  14:53  High Templar  
  129  15:00  Archon  
  130  15:07  Observer  
Tags
 
Add a new tag
Caveats
  • Supply blocks, unpowered buildings, or Contaminate may cause inaccurate times.
  • Supply counts are checked every 10 seconds.